 Dungeon Crawl Stone Soup version 0.22-a0-363-g29407c6 (webtiles) character file.

5959 FrankyJ the Protected (level 10, 0/95 HPs)
             Began as a Minotaur Monk on Apr 21, 2018.
             Was an Elder of Qazlal.
             Slain by a six-headed hydra (9 damage)
             ... on level 9 of the Dungeon.
             The game lasted 00:34:05 (9591 turns).

FrankyJ the Protected (Minotaur Monk)               Turns: 9591, Time: 00:34:05

Health: 0/95       AC: 18    Str: 19    XL:     10   Next: 54%
Magic:  13/13      EV: 11    Int:  7    God:    Qazlal [****..]
Gold:   441        SH:  5    Dex: 13    Spells: 8/9 levels left

rFire    + . .     SeeInvis .   d - +2 whip (venom)
rCold    . . .     Gourm    .   (no shield)
rNeg     . . .     Faith    .   v - +0 chain mail
rPois    .         Spirit   .   (helmet restricted)
rElec    .         Reflect  .   P - +1 cloak
rCorr    .         Harm     .   p - +1 pair of gloves
MR       .....                  f - +0 pair of boots
Stlth    ..........             (no amulet)
HPRegen  0.25/turn              B - ring of protection from fire
MPRegen  0.13/turn              (no ring)

@: repel missiles
A: retaliatory headbutt, horns 2
a: Upheaval, Elemental Force, Renounce Religion


You were on level 9 of the Dungeon.
You worshipped Qazlal.
Qazlal was greatly pleased with you.
You were not hungry.

You visited 1 branch of the dungeon, and saw 9 of its levels.

You collected 441 gold pieces.

Inventory:

Hand Weapons
 d - a +2 whip of venom (weapon)
 C - a +0 shortbow
 O - a +4 quarterstaff of chaos
Missiles
 r - 2 curare-tipped needles
 x - 2 tomahawks
 D - 164 arrows
 J - 2 tomahawks of returning (quivered)
Armour
 f - a +0 pair of boots (worn)
 n - a +0 plate armour
 p - a +1 pair of gloves (worn)
 v - a +0 chain mail (worn)
 P - a +1 cloak (worn)
Jewellery
 B - a ring of protection from fire (left hand)
Wands
 z - a wand of digging (36)
 F - a wand of flame (27)
 G - a wand of acid (23)
 K - a wand of disintegration (22)
 N - a wand of polymorph (19)
Scrolls
 b - a scroll of vulnerability {unknown}
 e - 3 scrolls of enchant weapon
 j - a scroll of blinking
 k - 6 scrolls of remove curse
 l - a scroll of immolation
 t - a scroll of fear
 w - 2 scrolls of magic mapping
 y - a scroll of teleportation
 A - a scroll of amnesia
 Q - 5 scrolls of identify
Potions
 a - a potion of mutation {unknown}
 h - a potion of lignification
 i - 2 potions of brilliance
 m - 2 potions of flight
 o - 2 potions of cancellation
 q - a potion of magic
 s - a potion of ambrosia {unknown}
 H - 3 potions of curing
 I - a potion of invisibility
 R - a potion of berserk rage {unknown}
Comestibles
 c - 27 rations


   Skills:
 - Level 11.0 Fighting
 - Level 4.0 Maces & Flails
 + Level 11.7 Armour
 - Level 7.0 Dodging
 - Level 2.0 Stealth
 - Level 6.1 Invocations


You had 8 spell levels left.
You knew the following spells:

 Your Spells              Type           Power        Failure   Level  Hunger
a - Confusing Touch       Hex            #.....       97%         1    ##.....


Dungeon Overview and Level Annotations

Branches:
Dungeon (9/15)             Temple (0/1) D:5            Lair (0/6) D:9
    Orc: D:9-12

Altars:
Dithmenos
Hepliaklqana
Nemelex Xobeh
Okawaru
Qazlal
Sif Muna
Trog
Vehumet

Shops:
D:5 =   D:8 *

Annotations:
D:9 1 runed door


Innate Abilities, Weirdness & Mutations

You reflexively headbutt those who attack you in melee.
You have a pair of horns on your head.


Message History

* * * LOW HITPOINT WARNING * * *
The six-headed hydra bites you.
* * * LOW HITPOINT WARNING * * *
You block the six-headed hydra's attack.
You hit the six-headed hydra.
The six-headed hydra looks even sicker.
The six-headed hydra is almost dead.
The six-headed hydra bites you.
* * * LOW HITPOINT WARNING * * *
The six-headed hydra bites you but does no damage. x4
The six-headed hydra bites you.
* * * LOW HITPOINT WARNING * * *
You hit the six-headed hydra. You headbutt the six-headed hydra.
The six-headed hydra is almost dead.
The six-headed hydra bites you but does no damage. x2
You block the six-headed hydra's attack.
The six-headed hydra bites you but does no damage.
The six-headed hydra bites you!
* * * LOW HITPOINT WARNING * * *
The six-headed hydra bites you!
You die...

..' .###### ..#
....... ..# #######
..# # ..# ## ..# #.
##'# ##. #######..#
#.. #...@DF.## ##<#
#.####### #...
##'################...
#.............#.......
#.............'.###...
#.............### #...
#.............# #...
#.............# #...
#.............# #...


You could see a six-headed hydra and a bullfrog.

Vanquished Creatures
  Psyche (D:9)
  Sigmund (D:6)
  11 yaks (D:9)
  Eustachio (D:4)
  A hungry ghost (D:9)
  Menkaure (D:7)
  2 wargs (D:9)
  2 sky beasts
  2 orc warriors (D:8)
  A black bear (D:7)
  A phantom (D:7)
  5 ogres
  4 centaurs
  A big kobold (D:8)
  Blork the orc (D:4)
  4 scorpions
  3 crimson imps
  4 jellies (D:8)
  4 hounds
  A gnoll shaman (D:5)
  13 orc wizards
  10 orc priests
  3 bullfrog skeletons
  Crazy Yiuf (D:6)
  2 centaur skeletons
  3 iguanas
  5 worker ants
  A hound skeleton (D:4)
  6 gnolls
  2 howler monkey skeletons
  8 adders
  A shadow imp (D:8)
  7 oozes
  An adder zombie (D:8)
  2 worms
  2 dart slugs
  9 leopard geckos
  21 orcs
  4 giant cockroaches
  2 goblins (D:1)
  3 hobgoblins
  3 jackals (D:2)
  9 kobolds
  7 quokkas
  A ball python skeleton (D:4)
  7 bats
  5 frilled lizards
  11 rats
200 creatures vanquished.

Vanquished Creatures (others)
  An orc wizard (D:5)
1 creature vanquished.

Grand Total: 201 creatures vanquished

Notes
Turn   | Place    | Note
-------+----------+-------------------------------------------
     0 | D:1      | FrankyJ the Minotaur Monk began the quest for the Orb.
     0 | D:1      | Reached XP level 1. HP: 19/19 MP: 0/0
    89 | D:1      | Reached XP level 2. HP: 20/27 MP: 1/1
   505 | D:2      | Reached XP level 3. HP: 27/33 MP: 2/2
  1095 | D:2      | Reached XP level 4. HP: 37/40 MP: 3/3
  1668 | D:2      | You fall through a shaft!
  1724 | D:3      | Reached skill level 5 in Dodging
  2014 | D:3      | Reached XP level 5. HP: 42/46 MP: 4/4
  2287 | D:3      | Found a sparkling altar of Nemelex Xobeh.
  2789 | D:4      | Reached XP level 6. HP: 52/52 MP: 5/5
  2828 | D:4      | Noticed Eustachio
  2838 | D:4      | Killed Eustachio
  2838 | D:4      | Reached skill level 5 in Fighting
  2880 | D:4      | Found a stormy altar of Qazlal.
  2889 | D:4      | Became a worshipper of Qazlal Stormbringer
  2889 | D:4      | Reached * piety under Qazlal
  2889 | D:4      | Reached ** piety under Qazlal
  3284 | D:4      | Reached XP level 7. HP: 55/63 MP: 6/6
  3341 | D:4      | Noticed Blork the orc
  3359 | D:4      | Killed Blork the orc
  3646 | D:5      | Entered Level 5 of the Dungeon
  4701 | D:5      | Found Xegix's Jewellery Shoppe.
  4729 | D:5      | Reached XP level 8. HP: 56/78 MP: 7/7
  5041 | D:5      | Reached skill level 10 in Fighting
  5097 | D:5      | Reached *** piety under Qazlal
  5135 | D:5      | Learned a level 1 spell: Confusing Touch
  5189 | D:5      | Found a staircase to the Ecumenical Temple.
  5400 | D:6      | Noticed Sigmund
  5534 | D:6      | Killed Sigmund
  5559 | D:6      | Found a deep blue altar of Sif Muna.
  5732 | D:6      | Found a runed door.
  5736 | D:6      | Noticed Crazy Yiuf
  5738 | D:6      | Paralysed by Crazy Yiuf for 6 turns
  5748 | D:6      | Killed Crazy Yiuf
  6051 | D:6      | Found a radiant altar of Vehumet.
  6369 | D:7      | Reached XP level 9. HP: 89/89 MP: 11/11
  6370 | D:7      | Noticed Menkaure
  6377 | D:7      | Killed Menkaure
  6377 | D:7      | Reached skill level 5 in Invocations
  7148 | D:7      | Found a bloodstained altar of Trog.
  7148 | D:7      | Found an iron altar of Okawaru.
  7589 | D:8      | Reached skill level 1 in Armour
  7812 | D:8      | Found a hazy altar of Hepliaklqana.
  8007 | D:8      | Reached skill level 5 in Armour
  8266 | D:8      | Found a shadowy altar of Dithmenos.
  8271 | D:8      | Reached **** piety under Qazlal
  8272 | D:8      | Found Kaaletzo's General Store.
  8361 | D:9      | Noticed Psyche
  8479 | D:9      | Paralysed by Psyche for 4 turns
  8490 | D:9      | Killed Psyche
  8713 | D:9      | Found a runed door.
  8713 | D:9      | Noticed an ice dragon
  8720 | D:9      | Found the +2 shield of Resistance {rF+ rC+ MR+}
  8729 | D:9      | Noticed a fire dragon
  8800 | D:9      | Reached XP level 10. HP: 90/95 MP: 13/13
  8843 | D:9      | Reached skill level 10 in Armour
  8856 | D:9      | Noticed a fire dragon
  9508 | D:9      | Found a staircase to the Lair.
  9529 | D:9      | Noticed an ice dragon
  9579 | D:9      | Noticed a six-headed hydra
  9591 | D:9      | Slain by a six-headed hydra

Vault maps used:
D:1:      eino_arrival_water_cross
D:2:      first_ration, kennysheep_generic_room_9
D:3:      nemelex_xobeh_ov_fountains_minmay
D:4:      lemuel_round_altar, st_stairs_9, uniq_eustachio, uniq_blork_the_orc
D:5:      wad_river_or_something, minmay_temple_entry_statues_pillars,
          serial_shops, shop_fountains
D:6:      lemuel_doored_altar, led_sif_pool, lemuel_statue_altar, uniq_edmund,
          uniq_crazy_yiuf_cottage, uniq_sigmund
D:7:      grunt_temple_overflow_bloody_war, uniq_menkaure
D:8:      lemuel_round_altar, overflow_temple_1_default, serial_shops, shop,
          hangedman_little_slice_of_home
D:9:      erik_lair_orcish_takeover, minmay_guarded_unrand_resistance,
          uniq_psyche

Skill      XL: |  1  2  3  4  5  6  7  8  9 10 |
---------------+-------------------------------+-----
Maces & Flails | 4 |  4.0
Stealth        | 2 |  2.0
Fighting       | 4 6 9 11 | 11.0
Dodging        | 4 5 6 7 |  7.0
Invocations    | 4 6 |  6.1
Armour         | 8 11 | 11.7

Action                   |  1- 3 |  4- 6 |  7- 9 | 10-12 || total
-------------------------+-------+-------+-------+-------++-------
Melee: Whip              |    69 |   114 |   278 |   132 ||   593
       Headbutt          |    19 |    19 |    71 |    31 ||   140
       Mace              |     1 |       |       |       ||     1
       Quarterstaff      |       |       |    49 |       ||    49
  Use: Scroll            |       |     5 |    16 |     1 ||    22
       Potion            |       |     1 |     3 |     1 ||     5
 Stab: Sleeping          |     3 |     5 |       |       ||     8
  Eat: Chunk             |     1 |     6 |    18 |     4 ||    29
Armor: Robe              |     9 |    21 |    64 |       ||    94
       Skin              |       |     6 |       |       ||     6
       Chain mail        |       |       |    27 |    72 ||    99
Dodge: Dodged            |    47 |    68 |   163 |    53 ||   331
Block: Other             |       |     1 |    42 |    19 ||    62

Table legend:
 A = Spawn XP
 B = Non-spawn XP
 C = Spawn XP percentage of total XP
 D = Spawn monster count
 E = Non-spawn monster count
 F = Spawn count percentage of total count
 G = Total turns spent on level
                    A         B        C        D         E        F      G
               +---------+---------+-------+---------+---------+-------+---------
         Total |       0 |    8513 |   0.0 |       0 |     201 |   0.0 |  9591
               +---------+---------+-------+---------+---------+-------+---------
           D:1 |       0 |      32 |   0.0 |       0 |      18 |   0.0 |   486
           D:2 |       0 |      76 |   0.0 |       0 |      23 |   0.0 |  1290
           D:3 |       0 |     247 |   0.0 |       0 |      20 |   0.0 |   731
           D:4 |       0 |     623 |   0.0 |       0 |      17 |   0.0 |  1848
           D:5 |       0 |    1177 |   0.0 |       0 |      33 |   0.0 |  1167
           D:6 |       0 |     601 |   0.0 |       0 |      10 |   0.0 |   802
           D:7 |       0 |     797 |   0.0 |       0 |      19 |   0.0 |  1326
           D:8 |       0 |     929 |   0.0 |       0 |      31 |   0.0 |   816
           D:9 |       0 |    4031 |   0.0 |       0 |      30 |   0.0 |  1125
               +---------+---------+-------+---------+---------+-------+---------
